 Dungeon Crawl Stone Soup version 0.21.1-1-g345015f (webtiles) character file.

279 vatarom the Gusty (level 6, -9/32 HPs)
             Began as a Tengu Air Elementalist on May 6, 2018.
             Killed by divine providence
             ... invoked by an orc priest
              (15 damage)
             ... on level 4 of the Dungeon.
             The game lasted 00:08:49 (3344 turns).

vatarom the Gusty (Tengu Air Elementalist)          Turns: 3344, Time: 00:08:51

Health: -9/32      AC:  2    Str:  9    XL:     6   Next: 26%
Magic:  3/10       EV: 12    Int: 17    God:
Gold:   180        SH:  0    Dex: 14    Spells: 3/9 levels left

rFire    . . .     SeeInvis +   m - +0 whip
rCold    + . .     Gourm    .   (no shield)
rNeg     . . .     Faith    .   a - +0 robe
rPois    .         Spirit   .   (helmet restricted)
rElec    .         Reflect  .   (no cloak)
rCorr    .         Harm     .   (no gloves)
MR       .....                  (boots unavailable)
Stlth    ++........             (no amulet)
HPRegen  0.10/turn              g - ring of protection from cold
MPRegen  0.12/turn              j - ring of see invisible

@: no status effects
A: beak, talons 3, able to fly 1
a: Fly


You were on level 4 of the Dungeon.
You were not hungry.

You visited 1 branch of the dungeon, and saw 4 of its levels.

You collected 180 gold pieces.

Inventory:

Hand Weapons
 m - a +0 whip (weapon)
Armour
 a - a +0 robe (worn)
Jewellery
 d - an uncursed ring of protection from magic {unknown}
 g - a ring of protection from cold (left hand)
 h - an uncursed ring of protection from cold
 j - a ring of see invisible (right hand)
Wands
 f - a wand of polymorph (10)
Scrolls
 e - a scroll of magic mapping {unknown}
 i - a scroll of remove curse {unknown}
 k - 2 scrolls of enchant armour {unknown}
 l - 5 scrolls of teleportation
 o - a scroll of random uselessness {unknown}
 p - 2 scrolls of blinking {unknown}
 q - 2 scrolls of fear {unknown}
Potions
 n - 3 potions of curing {unknown}
 r - a potion of brilliance {unknown}
Books
 b - a book of Air

   Spells                             Type                      Level
   a - Shock                          Conjuration/Air              1
   b - Swiftness                      Charms/Air                   2
   c - Static Discharge               Conjuration/Air              3
   d - Airstrike                      Air                          4
   e - Lightning Bolt                 Conjuration/Air              5
Comestibles
 c - 2 rations


   Skills:
 - Level 2.1 Dodging
 - Level 2.0 Stealth
 - Level 2.0 Spellcasting
 + Level 5.7 Conjurations
 + Level 7.0 Air Magic


You had 3 spell levels left.
You knew the following spells:

 Your Spells              Type           Power        Failure   Level  Hunger
a - Shock                 Conj/Air       ###.         1%          1    #......
b - Swiftness             Chrm/Air       ##......     7%          2    ###....
c - Static Discharge      Conj/Air       ###.....     4%          3    ###....


Dungeon Overview and Level Annotations

Branches:
Dungeon (4/15)
 Temple: D:4-7

Altars:
Dithmenos
Okawaru
Wu Jian
The Shining One


Innate Abilities, Weirdness & Mutations

You have a beak for a mouth.
You have claws for feet.
You can fly.


Message History

The orc wizard is almost dead.
The zap hits the orc priest.
The orc priest appears unharmed.
The orc priest is lightly wounded.
The orc priest mumbles some strange prayers to Beogh against you.
Beogh smites you!
* * * LOW HITPOINT WARNING * * *
Casting: Shock
Confirm with . or Enter, or press ? or * to list all spells.
Aiming: Shock
Press: ? - help, Shift-Dir - straight line, f/p - orc wizard
Aim: an orc wizard, wielding a dagger and wearing a robe (almost dead, slightly transparent)
The zap misses the orc wizard.
The zap hits the quokka.
You kill the quokka!
The zap hits the orc priest.
The orc priest is moderately wounded.
Unknown command.
Okay, then.
The orc priest invokes the aid of Beogh against you.
Beogh smites you!
You die...

#...).....# #.##
#######.#.#.#
...............#
.....#.#####.### ##
...?#.#####.###....
###................#
.. .!.#####.#####.#
####$##.#####.#
.......oo..o@.#
###....#######
#.##.# # #.# #o#


oo# o.# ..# .#.# You could see 2 orc priests and an orc wizard (invisible).

Vanquished Creatures
  An orc priest (D:3)
  An orc wizard (D:4)
  Jessica (D:2)
  Natasha (thrice) (D:2)
  The ghost of Iko the Charlatan, a weakling VSAr (D:3)
  2 adders (D:2)
  A worm (D:2)
  4 dart slugs
  3 leopard geckos
  4 orcs (D:3)
  A giant cockroach (D:2)
  15 goblins
  10 hobgoblins
  4 quokkas
  5 bats
  4 frilled lizards
  7 kobolds
  8 rats
75 creatures vanquished.

Notes
Turn   | Place    | Note
-------+----------+-------------------------------------------
     0 | D:1      | vatarom the Tengu Air Elementalist began the quest for the Orb.
     0 | D:1      | Reached XP level 1. HP: 10/10 MP: 4/4
   484 | D:1      | Reached XP level 2. HP: 14/15 MP: 1/6
   539 | D:1      | Learned a level 2 spell: Swiftness
  1378 | D:2      | Reached XP level 3. HP: 17/19 MP: 5/7
  1393 | D:2      | Reached skill level 5 in Air Magic
  1399 | D:2      | Learned a level 3 spell: Static Discharge
  1645 | D:2      | Found a faded altar of an unknown god.
  1689 | D:2      | Reached XP level 4. HP: 15/24 MP: 3/8
  1896 | D:2      | Noticed Natasha
  1897 | D:2      | Noticed Jessica
  1904 | D:2      | Killed Jessica
  1916 | D:2      | Killed Natasha
  2160 | D:2      | Noticed Natasha
  2163 | D:2      | Killed Natasha
  2163 | D:2      | Reached skill level 6 in Air Magic
  2163 | D:2      | Gained mutation: You can fly. [Tengu growth]
  2163 | D:2      | Reached XP level 5. HP: 22/28 MP: 6/9
  2175 | D:2      | Noticed Natasha
  2182 | D:2      | Killed Natasha
  2230 | D:2      | Found a glowing golden altar of the Shining One.
  2361 | D:2      | Found an ornate altar of the Wu Jian Council.
  2464 | D:2      | You fall through a shaft for 2 floors!
  2639 | D:3      | Reached skill level 5 in Conjurations
  2887 | D:3      | Found an iron altar of Okawaru.
  2888 | D:3      | Found a shadowy altar of Dithmenos.
  2937 | D:3      | Noticed Iko's ghost (weakling VSAr)
  2939 | D:3      | Killed Iko's ghost
  2939 | D:3      | Reached XP level 6. HP: 32/32 MP: 7/10
  3341 | D:4      | Reached skill level 7 in Air Magic
  3344 | D:4      | Killed from afar by an orc priest

Skill      XL: |  1  2  3  4  5  6 |
---------------+-------------------+-----
Conjurations   | 2 3 4 5 |  5.7
Air Magic      | 5 6 7 |  7.0
Dodging        | |  2.1
Stealth        | |  2.0
Spellcasting   | |  2.0

Action                   |  1- 3 |  4- 6 || total
-------------------------+-------+-------++-------
Melee: Unarmed           |     7 |       ||     7
       Kick              |     5 |     6 ||    11
       Whip              |     3 |    31 ||    34
       Peck              |       |     5 ||     5
 Cast: Shock             |    54 |    55 ||   109
       Static Discharge  |       |     2 ||     2
  Use: Potion            |       |     2 ||     2
       Scroll            |       |     2 ||     2
 Stab: Sleeping          |     1 |       ||     1
  Eat: Ration            |     1 |     1 ||     2
       Chunk             |       |     4 ||     4
Armor: Robe              |     2 |     3 ||     5
Dodge: Dodged            |    16 |    17 ||    33
